 Dungeon Crawl Stone Soup version 0.20-a0-1078-g4874019 (webtiles) character file.

630 JeffiDaFish the Shield-Bearer (level 7, -4/43 HPs)
             Began as a Gargoyle Fighter on May 1, 2017.
             Slain by an orc warrior
             ... wielding a +0 halberd
              (6 damage)
             ... on level 4 of the Dungeon.
             The game lasted 00:07:00 (2649 turns).

JeffiDaFish the Shield-Bearer (Gargoyle Fighter)    Turns: 2649, Time: 00:07:01

Health: -4/43      AC: 20    Str: 20    XL:     7   Next: 48%
Magic:  7/7        EV:  8    Int:  8    God:
Gold:   138        SH: 10    Dex: 11    Spells: 6/6 levels left

rFire    . . .     SeeInvis .   k - +0 flail (protect)
rCold    . . .     Gourm    .   c - +0 shield
rNeg     + . .     Faith    .   b - +0 scale mail
rPois    ∞         Spirit   .   (no helmet)
rElec    +         Reflect  .   (no cloak)
rCorr    .         Harm     .   (no gloves)
MR       .....                  e - +0 pair of boots
Stlth    ..........             (no amulet)
Regen    0.2/turn               (no ring)
MPRegen  0.1/turn               (no ring)

@: protection aura
A: negative energy resistance 1, electricity resistance, unbreathing,
petrification resistance, rot immunity, AC +4
a: no special abilities


You were on level 4 of the Dungeon.
You were hungry.

You visited 1 branch of the dungeon, and saw 4 of its levels.

You collected 138 gold pieces.

Inventory:

Hand Weapons
 k - a +0 flail of protection (weapon)
Armour
 b - a +0 scale mail (worn)
 c - a +0 shield (worn)
 e - a +0 pair of boots (worn)
Scrolls
 d - a scroll of remove curse
 i - a scroll of magic mapping
Books
 g - a book of the Dragon

   Spells                             Type                      Level
   a - Flame Tongue                   Conjuration/Fire             1
   b - Cause Fear                     Hexes                        4
   c - Bolt of Fire                   Conjuration/Fire             6
   d - Dragon Form                    Transmutation                7
   e - Dragon's Call                  Summoning                    9
Comestibles
 a - 5 chunks of flesh
 f - 3 bread rations
 h - 2 meat rations


   Skills:
 + Level 4.1 Fighting
 + Level 4.8 Maces & Flails
 + Level 4.5 Armour
 + Level 1.4 Dodging
 + Level 2.0 Stealth
 + Level 5.7 Shields


You had 6 spell levels left.
You didn't know any spells.

Dungeon Overview and Level Annotations

Branches:
Dungeon (4/15)
 Temple: D:4-7

Altars:
Ru
Sif Muna
Wu Jian
Yredelemnul


Innate Abilities, Weirdness & Mutations

You are resistant to torment.
Your stone body is resilient. (AC +4)
You are immune to poison.
You resist negative energy. (rN+)
You are resistant to electric shocks. (rElec)
You can survive without breathing.
You are immune to petrification.
You are immune to rotting.


Message History

The orc warrior barely misses you.
You closely miss the orc warrior.
The orc warrior is moderately wounded.
You block the orc warrior's attack.
You closely miss the orc warrior.
The orc warrior is moderately wounded.
You block the orc warrior's attack.
You hit the orc warrior.
The orc warrior is moderately wounded.
The orc warrior hits you with a halberd!
* * * LOW HITPOINT WARNING * * *
You hit the orc warrior.
The orc warrior is heavily wounded.
You block the orc warrior's attack.
Okay, then.
You aren't carrying any potions.
You completely miss the orc warrior.
The orc warrior is heavily wounded.
The orc warrior hits you with a halberd.
You die...

.## .....##..
#.....# #..#
.........##.....#
##.#
..%.........##.#.#
#.#
..#.....###....#.#
#.#
.........##......#
#.#
.....?....#.##...#
#.#
..........o{.....##
#.#
.........##o###...#
#.# ##....o###@#
#...# #.###
#.....).# #.#
#...###...##
#.......o #.#
#....####..#
#.......$...#
#.....# ##.#
#........##.#
#...#.# #.##
....$...#####
#...#.####..#
#.<#...##
#......##...#
..#####
............###
.#...#.######


You could see an orc warrior and an orc.

Vanquished Creatures
  Sigmund (D:2)
  The ghost of Duck the Shield-Bearer, an amateur FoFi (D:3)
  An orc priest (D:3)
  Jessica (D:2)
  3 orc wizards
  3 worker ants (D:4)
  6 gnolls
  4 adders
  An ooze (D:2)
  4 worms (D:2)
  A dart slug (D:1)
  5 orcs
  A ball python (D:3)
  2 giant cockroaches
  8 goblins
  7 hobgoblins
  3 jackals (D:1)
  14 bats
  5 frilled lizards
  13 kobolds
  3 rats
87 creatures vanquished.

Notes
Turn   | Place    | Note
-------+----------+-------------------------------------------
     0 | D:1      | JeffiDaFish the Gargoyle Fighter began the quest for the Orb.
     0 | D:1      | Reached XP level 1. HP: 14/14 MP: 1/1
   159 | D:1      | Reached XP level 2. HP: 17/19 MP: 2/2
   460 | D:1      | Reached XP level 3. HP: 20/23 MP: 3/3
   903 | D:2      | Noticed Jessica
   918 | D:2      | Killed Jessica
   918 | D:2      | Reached skill level 4 in Shields
   918 | D:2      | Reached XP level 4. HP: 21/29 MP: 4/4
  1001 | D:2      | Noticed Sigmund
  1018 | D:2      | Killed Sigmund
  1018 | D:2      | Reached skill level 1 in Stealth
  1018 | D:2      | Reached XP level 5. HP: 28/33 MP: 5/5
  1018 | D:2      | Reached XP level 6. HP: 32/38 MP: 6/6
  1034 | D:2      | Found a sacrificial altar of Ru.
  1240 | D:2      | Found an ornate altar of the Wu Jian Council.
  1367 | D:2      | Reached skill level 1 in Dodging
  1454 | D:2      | Found a deep blue altar of Sif Muna.
  1621 | D:2      | Reached skill level 5 in Shields
  1823 | D:3      | Noticed Duck's ghost (amateur FoFi)
  1836 | D:3      | Killed Duck's ghost
  1836 | D:3      | Reached XP level 7. HP: 30/43 MP: 7/7
  2581 | D:4      | Found a basalt altar of Yredelemnul.
  2647 | D:4      | HP: 2/43 [orc warrior/halberd (12)]
  2649 | D:4      | Slain by an orc warrior

Vault maps used:
D:1:      matt_arrival_los_fun
D:2:      lemuel_round_altar, lemuel_blue_sif_altar,
          nicolae_ru_great_annihilating_truth, uniq_sigmund, uniq_jessica
D:3:      first_bread
D:4:      lemuel_coloured_pillars_altar, yredelemnul_altar_generic

Skill      XL: |  1  2  3  4  5  6 |
---------------+-------------------+-----
Shields        | 4 5 |  5.7
Maces & Flails | 3 4 |  4.8
Armour         | 4 |  4.5
Stealth        | 1 2 |  2.0
Fighting       | 4 |  4.1
Dodging        | 1 |  1.4

Action                   |  1- 3 |  4- 6 |  7- 9 || total
-------------------------+-------+-------+-------++-------
Melee: Flail             |   128 |   133 |   129 ||   390
  Use: Scroll            |     4 |     1 |     2 ||     7
       Potion            |     2 |     2 |     1 ||     5
  Eat: Chunk             |       |     4 |     2 ||     6
Armor: Scale mail        |    63 |    74 |    42 ||   179
Dodge: Dodged            |    47 |    46 |    57 ||   150
Block: Shield            |    73 |    82 |    67 ||   222
